 Dungeon Crawl Stone Soup version 0.23-a0-550-g7de1f8e (webtiles) character file.

165 Geeful the Sneak (level 5, 0/31 HPs)
             Began as an Octopode Earth Elementalist on Dec 9, 2018.
             Succumbed to a scorpion's poison
             ... on level 3 of the Dungeon.
             The game lasted 00:07:47 (2352 turns).

Geeful the Sneak (Octopode Earth Elementalist)      Turns: 2352, Time: 00:07:47

Health: 0/31       AC:  1    Str:  5 (7)  XL:     5   Next: 46%
Magic:  9/9        EV: 14    Int: 18 (19) God:
Gold:   72         SH:  0    Dex: 11 (12) Spells: 4/10 levels left

rFire    . . .     SeeInvis .   d - +1 dagger (protect)
rCold    . . .     Gourm    .   (no shield)
rNeg     . . .     Faith    .   (helmet restricted)
rPois    .         Spirit   .   (no amulet)
rElec    .         Reflect  .   (no ring)
rCorr    .         Harm     .   (no ring)
MR       .....                  (no ring)
Stlth    ++++......             (no ring)
HPRegen  0.10/turn              (no ring)
MPRegen  0.11/turn              (no ring)
                                (no ring)
                                (no ring)

@: lethally poisoned (0 -> -5), hasted, very quick
A: almost no armour, stealthy swim, amphibious, 8 rings, constrict 8, camouflage
1, gelatinous body 1
a: no special abilities


You were on level 3 of the Dungeon.
You were not hungry.

You visited 1 branch of the dungeon, and saw 3 of its levels.

You collected 72 gold pieces.

Inventory:

Hand Weapons
 a - a +0 dagger
 d - a +1 dagger of protection (weapon)
Missiles
 b - 58 stones (quivered)
Scrolls
 e - a scroll of blinking
 i - 3 scrolls of remove curse
Potions
 f - 2 potions of agility
Comestibles
 c - 5 rations
 j - 4 chunks of flesh


   Skills:
 + Level 3.2 Dodging
 + Level 4.4 Stealth
 + Level 3.1 Spellcasting
 - Level 1.0 Transmutations
 + Level 3.9 Earth Magic


You had 4 spell levels left.
You knew the following spells:

 Your Spells              Type           Power        Failure   Level  Hunger
a - Sandblast             Erth           ###...       3%          1    None
b - Passwall              Tmut/Erth      ##......     9%          2    ##.....
c - Stone Arrow           Conj/Erth      #.....       22%         3    ###....

Your spell library contained the following spells:

 Spells                   Type           Power        Failure   Level  Hunger
 Petrify                  Tmut/Erth      ##......     52%         4    ####...
 Lee's Rapid Deconstruct  Erth           ###.......   65%         5    ######.


Dungeon Overview and Level Annotations

Branches:
Dungeon (3/15)

Altars:


Innate Abilities, Weirdness & Mutations

You cannot wear most types of armour.
You are very stealthy in the water. (Stealth+)
You are amphibious.
You can wear up to eight rings at the same time.
You can use your tentacles to constrict eight enemies at once.
Your skin changes colour to match your surroundings (Stealth+).
Your rubbery body absorbs attacks. (AC +1, EV +1)


Message History

You feel sick.
* * * LOW HITPOINT WARNING * * *
You feel sick.
Found 22 stones.
* * * LOW HITPOINT WARNING * * *
You feel sick.
* * * LOW HITPOINT WARNING * * *
You feel sick.
Found 9 gold pieces.
* * * LOW HITPOINT WARNING * * *
You feel sick.
You see here 9 gold pieces.
* * * LOW HITPOINT WARNING * * *
You feel sick.
The kobold shouts!
The kobold throws a stone.
The stone hits you.
* * * LOW HITPOINT WARNING * * *
Found a whip.
You see here a stone.
You die...

.#.#.# #.# #...# #.....#.##.
.#.#.# #.# #...# #.#..###.##
.....####.#####.#.#####...## ##..
.............(..........#..###.##
.....########.#.#..###.##†#.#.###
.###.# ##$..# #. #.##.###. .# #.#
##.## # #. #.##..... .# #.#
#(##.###.##.######. .# #.#
#.@.)..K....# ## ## #.#
####.######## # #.# # # #


You could see a kobold.

Vanquished Creatures
  A scorpion (D:3)
  Terence (D:2)
  Jessica (D:2)
  An adder (D:3)
  An ooze (D:2)
  A worm (D:2)
  2 leopard geckos (D:1)
  6 bats
  A giant cockroach (D:1)
  13 goblins
  8 hobgoblins
  3 kobolds
  A quokka (D:2)
  4 frilled lizards
  4 rats
48 creatures vanquished.

Notes
Turn   | Place    | Note
-------+----------+-------------------------------------------
     0 | D:1      | Geeful the Octopode Earth Elementalist began the quest for
                  | the Orb.
     0 | D:1      | Reached XP level 1. HP: 11/11 MP: 3/3
   265 | D:1      | Reached skill level 3 in Stealth
   272 | D:1      | Reached XP level 2. HP: 17/17 MP: 5/5
   747 | D:1      | Reached XP level 3. HP: 18/21 MP: 6/6
  1246 | D:2      | Noticed Jessica
  1252 | D:2      | Noticed Terence
  1262 | D:2      | Killed Jessica
  1262 | D:2      | Reached XP level 4. HP: 10/27 MP: 5/7
  1461 | D:2      | Learned a level 2 spell: Passwall
  1465 | D:2      | Learned a level 3 spell: Stone Arrow
  1599 | D:2      | Killed Terence
  1599 | D:2      | Reached skill level 4 in Stealth
  2193 | D:3      | Reached XP level 5. HP: 27/31 MP: 9/9
  2350 | D:3      | HP: 1/31 [kobold/stone (3)]
  2352 | D:3      | Succumbed to a scorpion's poison

Vault maps used:
D:1:      sevenhm_arrival_forest_fort_small_3,
          wander_ebering_terrifying_dragon_lair
D:2:      uniq_terence, uniq_jessica

Skill      XL: |  1  2  3  4  5 |
---------------+----------------+-----
Stealth        | 3 4 |  4.4
Dodging        | 3 |  3.2
Spellcasting   | 3 |  3.1
Transmutations | |  1.0
Earth Magic    | |  3.9

Action                   |  1- 3 |  4- 6 || total
-------------------------+-------+-------++-------
Melee: Dagger            |    75 |    77 ||   152
       Unarmed           |     9 |       ||     9
       Constrict         |    21 |    11 ||    32
       Tentacles         |    10 |    12 ||    22
 Cast: Sandblast         |     6 |     4 ||    10
  Use: Scroll            |     3 |     4 ||     7
       Potion            |       |     2 ||     2
 Stab: Sleeping          |     7 |     2 ||     9
       Distracted        |     1 |       ||     1
  Eat: Chunk             |     1 |     4 ||     5
Armor: Skin              |    11 |    13 ||    24
Dodge: Dodged            |    55 |    41 ||    96

Table legend:
 A = Non-vault XP
 B = Vault XP
 C = Vault XP percentage of total XP
 D = Non-vault monster count
 E = Vault monster count
 F = Vault count percentage of total count
                 A         B        C        D         E       F
            +---------+---------+-------+---------+---------+-------
      Total |     159 |      78 |  32.9 |      45 |       3 |   6.2
            +---------+---------+-------+---------+---------+-------
        D:1 |      37 |       3 |   7.5 |      22 |       1 |   4.3
        D:2 |      32 |      75 |  70.1 |      13 |       2 |  13.3
        D:3 |      90 |       0 |   0.0 |      10 |       0 |   0.0
            +---------+---------+-------+---------+---------+-------
